Map: Ever Dream LE

Players

Kelazhur - Winner!

  • Race: Terran Terran
  • League: Master
  • Spawn Location: 1:00

Cham

  • Race: Zerg Zerg
  • League: Grandmaster
  • Spawn Location: 7:00

Event: DreamHack SC2 Masters 2020 Summer Latin America

VOD

Have the link to the VOD?

Description

Time

  • Played on: June 26, 2020, 4:15 p.m.
  • Length: 11:27

All games in this series

Show
View Real Time Build Order
Export as new Build Order

Kelazhur Terran - Winner!

Build Orders: Hellion Opening, Reaper Expand 

Get SALT Encoding   

  12  0:00  SCV  
  13  0:13  SCV  
  14  0:17  Supply Depot  
  14  0:25  SCV  
  15  0:39  SCV  
  15  0:40  Barracks  
  16  0:44  Refinery  
  16  0:51  SCV  
  17  1:03  SCV  
  18  1:15  SCV  
  19  1:28  Reaper  
  19  1:29  Orbital Command  
  20  1:38  Command Center  
  20  1:46  Supply Depot  
  20  1:54  SCV  
  20  2:00  Marine  
  22  2:07  SCV  
  22  2:08  Factory  
  23  2:15  Refinery  
  23  2:19  SCV  
  23  2:20  Barracks Reactor  
  24  2:31  SCV  
  25  2:43  SCV  
  26  2:51  Orbital Command  
  26  2:54  Starport  
  26  2:55  SCV  
  27  3:02  Hellion  
  27  3:03  Hellion  
  31  3:07  SCV, Barracks Tech Lab  
  32  3:18  SCV  
  32  3:19  SCV  
  34  3:23  Hellion  
  34  3:24  Hellion  
  38  3:30  SCV  
  38  3:31  SCV  
  38  3:33  Supply Depot  
  40  3:36  Raven  
  42  3:42  SCV  
  42  3:43  SCV  
  44  3:54  Hellion, SCV  
  44  3:55  Hellion, SCV  
  49  3:58  Supply Depot  
  50  4:02  Command Center  
  50  4:08  SCV x2  
  50  4:20  SCV, Hellion  
  50  4:21  Hellion, SCV  
  50  4:23  Barracks Tech Lab  
  49  4:30  Starport Reactor, Barracks  
  49  4:32  SCV  
  49  4:33  Barracks  
  49  4:35  Stimpack, Marine  
  49  4:37  SCV  
  52  4:44  SCV  
  53  4:49  SCV  
  54  4:53  Engineering Bay  
  54  4:55  Marine  
  54  4:56  SCV  
  54  4:57  Engineering Bay, Factory Tech Lab  
  56  5:01  SCV  
  56  5:05  Refinery  
  56  5:06  Refinery  
  57  5:08  SCV  
  57  5:13  Marine, SCV  
  60  5:14  Orbital Command  
  60  5:17  Siege Tank, Starport Reactor  
  60  5:19  Supply Depot  
  60  5:21  SCV  
  64  5:25  SCV  
  64  5:28  Marine x4  
  65  5:31  Orbital Command  
  65  5:33  SCV  
  70  5:37  Marine  
  70  5:40  SCV, Barracks  
  70  5:42  Barracks  
  72  5:46  Marine x2  
  72  5:49  Siege Tank  
  77  5:50  Terran Infantry Weapons Level 1, Terran Infantry Armor Level 1  
  77  5:51  SCV  
  77  5:52  SCV  
  77  5:55  Medivac  
  81  6:00  SCV  
  81  6:02  Medivac  
  81  6:03  SCV  
  85  6:09  Marine x3, SCV  
  85  6:10  Supply Depot  
  89  6:15  Combat Shield  
  89  6:16  SCV x2  
  89  6:17  Marine x2  
  89  6:18  Supply Depot  
  93  6:22  Armory  
  93  6:30  Barracks Reactor  
  93  6:31  Siege Tank, Marine x2  
  98  6:38  SCV  
  99  6:40  SCV  
  99  6:41  Marine, Medivac  
  99  6:45  SCV  
  93  6:47  Barracks Reactor  
  93  6:48  Marine  
  93  6:50  Supply Depot, Marine x2, SCV  
  93  6:52  SCV  
  98  6:57  SCV  
  99  7:02  Supply Depot, Marine, SCV  
  99  7:03  Marauder  
  99  7:04  SCV  
  104  7:09  Medivac  
  104  7:11  Medivac  
  108  7:17  SCV x2  
  108  7:21  Marine  
  108  7:22  Marine x5  
  116  7:24  Marine, SCV  
  116  7:26  Supply Depot  
  116  7:29  SCV  
  119  7:30  Marine  
  119  7:32  Siege Tank  
  119  7:36  Refinery, Supply Depot  
  123  7:37  Factory, Supply Depot  
  123  7:42  Marauder  
  125  7:47  Marine  
  125  7:48  Marine x7  
  119  8:04  Marauder  
  119  8:05  Terran Infantry Weapons Level 2, Marine  
  105  8:06  Marine x6  
  105  8:08  Marine  
  105  8:11  Terran Infantry Armor Level 2  
  105  8:23  Marine  
  105  8:25  Medivac x2  
  105  8:26  Marine x7  
  115  8:29  SCV x2  
  114  8:40  Marine  
  114  8:41  SCV x2  
  108  8:56  Marine  
  108  8:59  Marine x5  
  108  9:00  Marine x3  
  108  9:01  Siege Tank  
  114  9:04  SCV  
  114  9:05  SCV x2  
  117  9:14  Marine  
  117  9:17  Marine  
  117  9:18  Marauder  
  117  9:20  Marine  
  117  9:21  Marine x5  
  117  9:22  SCV x2  
  117  9:24  Medivac  
  117  9:31  Marine  
  117  9:33  SCV  
  117  9:34  SCV  
  117  9:35  Marine, Factory Reactor  
  117  9:36  Command Center  
  121  9:38  Marine  
  121  9:39  Marine x4, Barracks  
  121  9:40  Barracks  
  121  9:44  Marine  
  121  9:45  Marine  
  122  9:46  Medivac  
  122  9:47  SCV  
  122  9:49  Marine  
  125  9:52  Marine  
  125  9:54  Medivac  
  125  9:56  Marine x5  
  125  9:58  SCV x2  
  135  10:02  Marine x2  
  135  10:07  Marine, SCV  
  126  10:10  Marine, SCV  
  121  10:14  Marine x5  
  121  10:16  SCV  
  121  10:19  SCV  
  127  10:23  SCV  
  127  10:24  Marine  
  127  10:25  Marine x2  
  127  10:26  Marine  
  127  10:27  Marine  
  125  10:28  Marine, SCV, Medivac x2  
  125  10:31  Widow Mine x2  
  125  10:32  Marine  
  136  10:36  Siege Tank  
  137  10:45  Marine  
  137  10:46  Marine x3  
  137  10:47  Marine  
  142  10:55  Marauder  
  143  11:04  Marine  
  143  11:05  Marine x5  
Show
View Real Time Build Order
Export as new Build Order

Cham Zerg 

Build Orders: Hatch First 

Get SALT Encoding   

  12  0:02  Drone  
  13  0:08  Drone  
  14  0:17  Overlord  
  14  0:35  Drone  
  14  0:36  Drone  
  16  0:48  Hatchery  
  15  0:53  Drone  
  15  0:57  Drone  
  17  1:02  Drone  
  18  1:11  Extractor  
  17  1:16  Spawning Pool  
  16  1:19  Drone  
  16  1:22  Drone  
  19  1:32  Drone  
  19  1:46  Drone  
  20  1:51  Overlord  
  20  2:02  Queen  
  20  2:03  Queen  
  20  2:04  Zergling x4  
  26  2:13  Drone  
  26  2:14  Drone  
  28  2:18  Metabolic Boost  
  28  2:25  Drone  
  28  2:28  Drone  
  30  2:41  Hatchery  
  29  2:45  Drone x3  
  32  2:52  Queen  
  32  2:57  Overlord  
  34  3:02  Drone x2  
  36  3:06  Overlord  
  36  3:14  Overlord  
  36  3:16  Drone x2  
  36  3:18  Drone  
  39  3:20  Drone  
  39  3:21  Drone  
  39  3:25  Drone x2  
  43  3:33  Queen  
  45  3:38  Zergling x6  
  45  3:40  Overlord  
  48  3:42  Drone  
  48  3:44  Drone  
  48  3:48  Drone x2  
  52  3:55  Drone x2  
  54  4:03  Drone x2  
  54  4:04  Drone x3  
  59  4:16  Drone  
  57  4:19  Drone  
  57  4:20  Drone x2  
  57  4:23  Drone  
  59  4:26  Lair  
  59  4:27  Spore Crawler  
  59  4:29  Spore Crawler  
  59  4:30  Drone, Baneling Nest  
  57  4:31  Drone x2  
  57  4:36  Drone x2, Spore Crawler  
  60  4:39  Overlord  
  60  4:46  Overlord x2  
  60  4:47  Drone x2  
  63  4:52  Drone  
  63  4:53  Drone  
  63  4:56  Drone x2  
  66  5:00  Extractor  
  66  5:01  Extractor  
  66  5:03  Drone, Overlord  
  66  5:04  Drone  
  66  5:05  Drone x2  
  68  5:08  Drone  
  68  5:10  Drone  
  68  5:11  Evolution Chamber x2  
  68  5:13  Overlord  
  68  5:14  Hatchery  
  68  5:18  Drone x3  
  70  5:23  Extractor  
  70  5:24  Centrifical Hooks, Overlord  
  70  5:25  Zergling x2  
  70  5:26  Zergling x6  
  73  5:31  Zergling x6  
  73  5:32  Zergling x4  
  78  5:40  Zergling x2  
  78  5:41  Zergling x2  
  78  5:45  Zerg Ground Armor Level 1  
  78  5:48  Queen  
  79  5:53  Drone x2  
  79  5:54  Drone, Overlord  
  79  5:56  Zergling x10  
  87  6:05  Zergling x4  
  87  6:06  Zerg Melee Weapons Level 1, Zergling x2  
  90  6:12  Overlord  
  90  6:13  Zergling x10  
  90  6:16  Baneling  
  90  6:17  Baneling x5  
  90  6:18  Baneling x3  
  95  6:19  Zergling x4  
  95  6:20  Baneling  
  95  6:21  Zergling x6  
  100  6:27  Zergling x2  
  100  6:28  Zergling x6  
  100  6:30  Baneling x3  
  104  6:39  Drone  
  105  6:40  Drone x3  
  105  6:41  Drone x3  
  106  6:49  Drone  
  106  6:50  Drone x5  
  112  6:54  Infestation Pit  
  112  6:56  Hatchery  
  112  6:57  Baneling x2, Drone  
  112  6:58  Baneling x2  
  112  6:59  Drone x3  
  112  7:01  Zergling x4  
  116  7:03  Zergling x2  
  116  7:04  Unknown, Queen  
  115  7:14  Baneling x2  
  115  7:15  Drone x3  
  117  7:16  Zergling x6  
  117  7:18  Overlord  
  117  7:19  Zergling x6  
  124  7:24  Drone  
  125  7:30  Zergling x6  
  125  7:32  Hatchery  
  125  7:33  Overlord x6  
  125  7:36  Baneling x3  
  127  7:39  Overlord  
  127  7:43  Baneling x5  
  127  7:44  Zergling x2  
  127  7:45  Zergling x4  
  128  7:54  Zergling x2  
  128  7:55  Zergling x14  
  128  8:01  Zergling x4  
  124  8:05  Baneling  
  124  8:06  Baneling x4  
  124  8:09  Zergling x10  
  124  8:10  Queen  
  119  8:14  Zergling x4  
  119  8:15  Baneling x3, Zergling x4  
  119  8:16  Baneling  
  119  8:17  Hive, Zergling x4  
  119  8:18  Zergling x4  
  120  8:22  Zergling x2  
  120  8:25  Zergling x6  
  120  8:26  Queen  
  122  8:33  Zergling x6  
  118  8:37  Zergling x4  
  118  8:39  Baneling  
  118  8:40  Baneling x2  
  112  8:42  Zergling x12  
  112  8:46  Baneling x3  
  114  8:54  Zergling x16  
  107  8:59  Baneling x2  
  107  9:00  Baneling x4  
  107  9:02  Zergling x6  
  103  9:04  Zergling x10  
  103  9:06  Queen  
  103  9:07  Zergling x4  
  103  9:08  Zerg Ground Armor Level 2  
  103  9:09  Zerg Melee Weapons Level 2  
  112  9:10  Zergling x2  
  112  9:12  Zergling x2  
  109  9:17  Zergling x2  
  109  9:22  Zergling x2  
  109  9:23  Baneling x4  
  109  9:24  Zergling x14  
  105  9:28  Zergling x4  
  105  9:29  Zergling x4  
  105  9:31  Zergling x12  
  108  9:33  Adrenal Glands  
  108  9:34  Zergling x2  
  108  9:36  Baneling x4  
  107  9:44  Zergling x4  
  107  9:45  Zergling x2  
  94  9:47  Zergling x8  
  94  9:49  Baneling x7  
  94  9:50  Zergling x2  
  94  9:51  Zergling x4  
  94  9:53  Zergling x2  
  94  9:54  Zergling x2  
  94  9:56  Zergling x2  
  94  9:57  Baneling x4  
  94  9:58  Zergling x4  
  96  10:02  Zergling x4  
  96  10:04  Zergling x2  
  96  10:06  Zergling x2  
  89  10:08  Zergling x2  
  89  10:10  Zergling x8  
  89  10:14  Zergling x4  
  87  10:17  Zergling x2  
  87  10:19  Zergling x4  
  83  10:23  Zergling x2  
  83  10:24  Zergling x6  
  83  10:25  Zergling x2  
  83  10:27  Baneling x2  
  81  10:31  Zergling x6  
  81  10:32  Zergling x2  
  81  10:34  Baneling x3  
  81  10:35  Baneling x2  
  81  10:42  Zergling x2  
  78  10:44  Zergling x6  
  78  10:46  Zergling x4  
  78  10:47  Baneling  
  78  10:48  Baneling  
  82  10:53  Zergling x6  
  82  10:55  Zergling x4  
  75  11:07  Zergling x10  
  75  11:09  Zergling x2  
Tags
 
Add a new tag
Caveats
  • Supply blocks, unpowered buildings, or Contaminate may cause inaccurate times.
  • Supply counts are checked every 10 seconds.